 Dungeon Crawl Stone Soup version 0.30.0-29-ga12c61a403 (webtiles) character file.

Game seed: 10752194868272378990

2440 qw the Cleaver (level 9, 0/57 HPs)
             Began as a Gargoyle Fighter on June 3, 2023.
             Slain by Erica
             ... wielding a +2 scimitar of flaming
              (11 damage)
             ... on level 8 of the Dungeon.
             The game lasted 00:03:02 (5638 turns).

qw the Cleaver (Gargoyle Fighter)                   Turns: 5638, Time: 00:03:03

Health: 0/57       AC: 27    Str: 24    XL:     9   Next: 49%
Magic:  9/9        EV:  9    Int:  9    God:
Gold:   226        SH: 12    Dex:  9    Spells: 8/8 levels left

rFire   . . .        Y - +2 broad axe
rCold   + . .        a - +3 warlock's mirror {omnireflect}
rNeg    + . .        k - +0 chain mail
rPois   inf          j - +1 helmet
rElec   +            r - +1 cloak
rCorr   .            h - +2 pair of gloves
SInv    .            o - +2 pair of boots
Will    .....        q - amulet of reflection Stlth
                     t - ring of protection from cold
HPRegen 0.29/turn    (no ring)
MPRegen 0.11/turn

%: reflection
@: no status effects
A: sickness immunity, AC +6, negative energy resistance 1, electricity
resistance, torment resistance 1, petrification resistance
a: no special abilities


You were on level 8 of the Dungeon.
You visited 2 branches of the dungeon, and saw 9 of its levels.

You collected 412 gold pieces.
You spent 186 gold pieces at shops.


Innate Abilities, Weirdness & Mutations

You are immune to sickness and miasma.
Your stone body is resilient. (AC +6)
You are immune to poison.
You resist negative energy. (rN+)
You are resistant to electric shocks. (rElec)
You are resistant to unholy torment.
You are immune to petrification.


   Skills:
 - Level 7.0 Fighting
 - Level 9.0 Axes
 - Level 1.0 Throwing
 + Level 5.7 Armour
 - Level 2.1 Dodging
 - Level 4.0 Shields


You had 8 spell levels left.
You didn't know any spells.
Your spell library was empty.

Inventory:

Hand Weapons
 n - a +0 morningstar
 Y - a +2 broad axe (weapon)
Armour
 a - the +3 warlock's mirror (worn) {omnireflect}
   (You acquired it on level 1 of the Dungeon)

   Omnireflect: It can block and reflect piercing ranged attacks and magical
   attacks against the wielder's willpower.
 h - a +2 pair of gloves (worn)
 j - a +1 helmet (worn)
 k - a +0 chain mail (worn)
 o - a +2 pair of boots (worn)
 r - a +1 cloak (worn)
Jewellery
 q - an amulet of reflection (around neck)
 t - a ring of protection from cold (left hand)
Scrolls
 c - a scroll of identify
 p - 2 scrolls of teleportation
Potions
 b - a potion of lignification
 d - 4 potions of might
 e - 6 potions of curing
 f - 3 potions of cancellation
 g - a potion of resistance
 i - 2 potions of attraction
 l - a potion of haste
 m - a potion of heal wounds
 s - a potion of degeneration {unknown}

Dungeon Overview and Level Annotations

Branches:
Dungeon (8/15)             Temple (1/1) D:7
   Lair: D:8-11

Altars:
Ashenzari
Cheibriados
Dithmenos
Elyvilon
Fedhas
Gozag
Hepliaklqana
Makhleb
Nemelex Xobeh
Qazlal
Ru
Sif Muna
Trog
Uskayaw
Vehumet
Wu Jian
Zin
The Shining One

Shops:
D:4 :   D:5 *

Annotations:
D:8 Erica


Message History

You closely miss something. You block something's attack.
You barely miss something. You block something's attack.
You miss something. Something hits you but does no damage.
You barely miss something. Something hits you! Something burns you.
You closely miss something. Something hits you! Something burns you.
You hear some strange, mumbled words.
A bolt of poison appears from out of thin air!
The bolt of poison hits you but does no damage.
You resist.
You hit something.
You hear some strange, mumbled words.
Your +3 warlock's mirror {omnireflect} blocks the Confuse... and reflects it back!
You miss something. Something hits you but does no damage.
You closely miss something.
You hear some strange, mumbled words.
Your +3 warlock's mirror {omnireflect} blocks the Confuse... and reflects it back!
You barely miss something. Something hits you but does no damage.
You barely miss something. Something hits you but does no damage.
You miss something.
You hear some strange, mumbled words.
Your +3 warlock's mirror {omnireflect} blocks the Confuse... and reflects it back!
Something hits you. Something burns you.
You barely miss something. Something hits you. Something burns you.
You slash something! You block something's attack.
You barely miss something.
You hear some strange, mumbled words.
Your +3 warlock's mirror {omnireflect} blocks the Slow... and reflects it back!
You closely miss something. Something hits you!
You die...

# .#
##########..#
........<...#
......%@..#..#
......).{..#
.#
...........#
#...........#
#...........#
#...........#
##..........#
#..........#


There were no monsters in sight!

Vanquished Creatures
  Pikel (D:5)
  Edmund (D:4)
  3 water moccasins (D:7)
  An orc warrior (D:7)
  A black bear (D:6)
  An ice beast (D:7)
  3 ogres
  4 lemures (D:5)
  A kobold brigand (D:7)
  A phantom (D:6)
  A bullfrog (D:8)
  3 scorpions
  A howler monkey (D:6)
  3 hounds (D:5)
  4 jellies
  An iron imp (D:4)
  Ijyb (D:3)
  6 iguanas
  2 orc wizards (D:4)
  Robin (D:3)
  4 adders
  A shadow imp (D:7)
  2 white imps
  An ufetubus (D:5)
  2 worms
  A dart slug (D:4)
  22 orcs
  6 endoplasms
  A giant cockroach (D:4)
  8 hobgoblins
  2 jackals (D:5)
  A quokka (D:4)
  14 ball pythons
  7 bats
  A frilled lizard (D:1)
  13 goblins
  9 kobolds
135 creatures vanquished.

Vanquished Creatures (others)
  A wizard (D:7)
1 creature vanquished.

Grand Total: 136 creatures vanquished

Notes
Turn   | Place    | Note
-------+----------+-------------------------------------------
     0 | D:1      | qw the Gargoyle Fighter began the quest for the Orb.
     0 | D:1      | Reached XP level 1. HP: 14/14 MP: 1/1
     0 | D:1      | 0 ||| qw: Version: 0.2-a-103-g5a998e5
     0 | D:1      | 0 ||| qw: Game counter: 1114
     0 | D:1      | 0 ||| qw: Always use a shield: true
     0 | D:1      | 0 ||| qw: God list: Okawaru
     0 | D:1      | 0 ||| qw: Allow faded altars: false
     0 | D:1      | 0 ||| qw: Do Orc after D:15 true
     0 | D:1      | 0 ||| qw: Do second Lair branch before Depths: true
     0 | D:1      | 0 ||| qw: Lair rune preference: random
     0 | D:1      | 0 ||| qw: Plans: Normal, Zot:1-4, Slime:5, God:TSO, Crypt,
                  | Tomb, Pan, Hells, Abyss, Win
     0 | D:1      | 0 ||| PLANNING D:1-11
   110 | D:1      | Reached skill level 2 in Axes
   240 | D:1      | 240 ||| DROPPING +0 club.
   310 | D:1      | Reached XP level 2. HP: 17/19 MP: 2/2
   792 | D:1      | Reached skill level 3 in Axes
  1002 | D:1      | 1002 ||| UPGRADING to +0 chain mail.
  1012 | D:1      | 1012 ||| DROPPING +0 scale mail.
  1013 | D:1      | 1013 ||| READING scroll labelled IPPIQO TIUTUWK.
  1014 | D:1      | 1014 ||| READING 2 scrolls labelled DEAFFY HYRGHUHY.
  1015 | D:1      | 1015 ||| READING scroll labelled JEGITI ASUTO.
  1016 | D:1      | 1016 ||| READING scroll labelled BEUNKOUBLAAPT.
  1017 | D:1      | 1017 ||| READING scroll labelled ZOKOMA OTOROTU.
  1017 | D:1      | Identified a scroll of acquirement
  1017 | D:1      | 1017 ||| ACQUIRING +3 warlock's mirror {omnireflect}
  1017 | D:1      | Acquired the +3 warlock's mirror {omnireflect}
  1017 | D:1      | Found the +3 warlock's mirror {omnireflect}
  1019 | D:1      | 1019 ||| UPGRADING to +3 warlock's mirror {omnireflect}.
  1029 | D:1      | 1029 ||| DROPPING +0 buckler.
  1030 | D:1      | 1030 ||| READING scroll labelled CEILAO QIQA.
  1045 | D:2      | Reached XP level 3. HP: 23/23 MP: 3/3
  1419 | D:2      | 1419 ||| READING scroll of enchant weapon.
  1419 | D:2      | 1419 ||| ENCHANTING +1 war axe.
  1431 | D:2      | 1431 ||| DROPPING +0 whip.
  1485 | D:2      | 1485 ||| Stepping ~*~*~tactically~*~*~ (hiding).
  1739 | D:2      | 1739 ||| UPGRADING to +0 pair of gloves.
  1744 | D:2      | 1744 ||| DROPPING scarf of shadows.
  1745 | D:2      | 1745 ||| UPGRADING to +2 pair of boots.
  1750 | D:2      | 1750 ||| READING 2 scrolls of enchant armour.
  1750 | D:2      | 1750 ||| ENCHANTING +0 pair of gloves.
  1751 | D:2      | 1751 ||| READING scroll of enchant armour.
  1751 | D:2      | 1751 ||| ENCHANTING +1 pair of gloves.
  1752 | D:2      | 1752 ||| READING scroll labelled VUOFAUFFOM.
  1753 | D:2      | 1753 ||| READING 2 scrolls labelled ZAIGUDDAEFU.
  1754 | D:2      | 1754 ||| READING scroll labelled CUNWIG UFEPH.
  1758 | D:2      | 1758 ||| DRINKING 3 green potions.
  1777 | D:3      | Noticed Ijyb
  1785 | D:3      | Killed Ijyb
  1786 | D:3      | Reached XP level 4. HP: 27/28 MP: 4/4
  1798 | D:3      | Reached skill level 4 in Axes
  1798 | D:3      | 1798 ||| FLEEEEING.
  1799 | D:3      | 1799 ||| FLEEEEING.
  1800 | D:3      | 1800 ||| STAIRDANCE
  1879 | D:3      | Noticed Robin
  1887 | D:3      | Killed Robin
  2153 | D:3      | 2153 ||| Stepping ~*~*~tactically~*~*~ (stealth).
  2154 | D:3      | 2154 ||| Stepping ~*~*~tactically~*~*~ (stealth).
  2260 | D:3      | Found a blossoming altar of Fedhas.
  2384 | D:3      | Noticed a scorpion
  2399 | D:3      | Killed a scorpion
  2400 | D:3      | Reached skill level 5 in Axes
  2400 | D:3      | Reached XP level 5. HP: 27/32 MP: 5/5
  2425 | D:3      | 2425 ||| UPGRADING to +0 helmet.
  2430 | D:3      | 2430 ||| DRINKING 2 fuming silvery potions.
  2431 | D:3      | 2431 ||| DRINKING 2 murky puce potions.
  2432 | D:3      | 2432 ||| READING 3 scrolls of identify.
  2432 | D:3      | 2432 ||| IDENTIFYING bubbling green potion
  2433 | D:3      | 2433 ||| READING 2 scrolls of identify.
  2433 | D:3      | 2433 ||| IDENTIFYING metallic black potion
  2434 | D:3      | 2434 ||| DROPPING potion of brilliance.
  2442 | D:4      | Found a snail-covered altar of Cheibriados.
  2491 | D:4      | Reached XP level 6. HP: 36/39 MP: 6/6
  2560 | D:4      | 2560 ||| Stepping ~*~*~tactically~*~*~ (hiding).
  2682 | D:4      | Reached skill level 6 in Axes
  2735 | D:4      | 2735 ||| Stepping ~*~*~tactically~*~*~ (stealth).
  2744 | D:4      | Reached XP level 7. HP: 44/44 MP: 7/7
  2813 | D:4      | 2813 ||| SWAPPING to +0 broad axe.
  2818 | D:4      | 2818 ||| DROPPING +2 war axe.
  2830 | D:4      | Noticed Edmund
  2837 | D:4      | Killed Edmund
  2874 | D:4      | 2874 ||| DROPPING +2 mace of protection.
  2895 | D:4      | 2895 ||| DROPPING +2 flail of holy wrath.
  2978 | D:4      | 2978 ||| Stepping ~*~*~tactically~*~*~ (hiding).
  3058 | D:4      | Found Kucycin's Self-Improvement Boutique.
  3073 | D:4      | 3073 ||| UPGRADING to amulet of reflection.
  3326 | D:4      | 3326 ||| READING scroll labelled RARIUL BIABO.
  3327 | D:4      | 3327 ||| DRINKING 2 lumpy green potions.
  3356 | D:5      | Entered Level 5 of the Dungeon
  3453 | D:5      | Noticed Pikel
  3483 | D:5      | Killed Pikel
  3484 | D:5      | Reached skill level 8 in Axes
  3484 | D:5      | Reached XP level 8. HP: 23/48 MP: 8/8
  3674 | D:5      | 3674 ||| Stepping ~*~*~tactically~*~*~ (stealth).
  3683 | D:5      | 3683 ||| Stepping ~*~*~tactically~*~*~ (hiding).
  3779 | D:5      | Found Amimacs's General Store.
  3800 | D:5      | 3800 ||| BUYING +0 morningstar (48 gold).
  3800 | D:5      | Bought a +0 morningstar for 48 gold pieces
  3800 | D:5      | 3800 ||| BUYING +1 helmet (138 gold).
  3800 | D:5      | Bought a +1 helmet for 138 gold pieces
  3800 | D:5      | 3800 ||| SHOPLISTING potion of heal wounds (60 gold, have
                  | 21).
  3800 | D:5      | 3800 ||| SHOPLISTING ring "Badeenk" {rF++ rN+ SInv} (584
                  | gold, have 21).
  3800 | D:5      | 3800 ||| SHOPLISTING scroll of identify (24 gold, have 21).
  3800 | D:5      | 3800 ||| DROPPING +2 flail of draining.
  3806 | D:5      | 3806 ||| READING 2 scrolls of enchant weapon.
  3806 | D:5      | 3806 ||| ENCHANTING +0 broad axe.
  3807 | D:5      | 3807 ||| READING scroll of enchant weapon.
  3807 | D:5      | 3807 ||| ENCHANTING +1 broad axe.
  3859 | D:5      | Found a shimmering blue altar of Sif Muna.
  3978 | D:5      | 3978 ||| Stepping ~*~*~tactically~*~*~ (stealth).
  3981 | D:5      | 3981 ||| Stepping ~*~*~tactically~*~*~ (stealth).
  4022 | D:5      | 4022 ||| READING scroll of enchant armour.
  4022 | D:5      | 4022 ||| ENCHANTING +0 helmet.
  4120 | D:5      | Reached skill level 1 in Throwing
  4121 | D:5      | 4121 ||| DROPPING +1 helmet.
  4380 | D:5      | 4380 ||| READING scroll labelled LOASTROESINY.
  4381 | D:5      | 4381 ||| READING 2 scrolls of identify.
  4381 | D:5      | 4381 ||| IDENTIFYING yellow potion
  4382 | D:5      | 4382 ||| DROPPING potion of ambrosia.
  4446 | D:6      | Reached skill level 6 in Fighting
  4500 | D:6      | 4500 ||| FLEEEEING.
  4501 | D:6      | 4501 ||| FLEEEEING.
  4502 | D:6      | 4502 ||| FLEEEEING.
  4503 | D:6      | 4503 ||| FLEEEEING.
  4504 | D:6      | 4504 ||| FLEEEEING.
  4505 | D:6      | 4505 ||| FLEEEEING.
  4506 | D:6      | 4506 ||| FLEEEEING.
  4574 | D:6      | 4574 ||| Stepping ~*~*~tactically~*~*~ (stealth).
  4809 | D:6      | Found a sacrificial altar of Ru.
  4889 | D:6      | Reached XP level 9. HP: 55/55 MP: 9/9
  4918 | D:6      | 4918 ||| UPGRADING to +1 cloak.
  4923 | D:6      | 4923 ||| DRINKING 2 blue potions.
  4924 | D:6      | 4924 ||| READING 2 scrolls of identify.
  4924 | D:6      | 4924 ||| IDENTIFYING coppery potion
  4966 | D:7      | Found a staircase to the Ecumenical Temple.
  4967 | D:7      | 4967 ||| PLANNING TEMPLE
  4967 | D:7      | 4967 ||| DRINKING 2 orange potions.
  4968 | D:7      | 4968 ||| DROPPING potion of flight.
  4970 | D:7      | 4970 ||| Stepping ~*~*~tactically~*~*~ (stealth).
  4990 | D:7      | Reached skill level 9 in Axes
  5042 | Temple   | Entered the Ecumenical Temple
  5082 | Temple   | 5082 ||| PLANNING D:1-11
  5350 | D:7      | 5350 ||| FLEEEEING.
  5351 | D:7      | 5351 ||| FLEEEEING.
  5352 | D:7      | 5352 ||| FLEEEEING.
  5513 | D:7      | Found a bloodstained altar of Trog.
  5514 | D:7      | Noticed a wizard
  5520 | D:7      | Killed a wizard
  5565 | D:7      | 5565 ||| UPGRADING to ring of protection from cold.
  5566 | D:7      | 5566 ||| READING scroll labelled JIXUAJ GILEM.
  5567 | D:7      | 5567 ||| READING scroll labelled MEICSA IHITI.
  5610 | D:8      | Noticed Erica
  5628 | D:8      | HP: 12/57 [something (5)]
  5634 | D:8      | HP: 12/57 [something (2)]
  5638 | D:8      | Slain by Erica

Levels and vault maps discovered:
D:1:      psy_arrival_radial01, layout_basic, minmay_pentomino_x2
D:2:      layout_loops_cross, corexii_item_surrounded_by_moat
D:3:      layout_loops_ring, fedhas_altar_1, uniq_robin, uniq_ijyb
D:4:      layout_gridville, slow_altar_1, nicolae_shop_self_help, uniq_edmund
D:5:      layout_loops_cross, kennysheep_okawaru_gauntlet,
          lemuel_blue_sif_altar, serial_shops, shop, supply_closet_lemuel,
          minivault_14, uniq_pikel
D:6:      layout_cave_pools, lemuel_tele_altar
D:7:      layout_rooms, trog_wizard, minmay_temple_entry_slanted,
          grunt_ministairs_6
D:8:      layout_cave_pods, mainiacjoe_overflow_tiny_flanked, uniq_amaemon,
          uniq_prince_ribbit1, uniq_erica
Temple:   nicolae_temple_god_jail

Skill      XL: |  1  2  3  4  5  6  7  8  9 |
---------------+----------------------------+-----
Axes           | 2 3 5 6 8 9 |  9.0
Fighting       | 4 6 7 |  7.0
Dodging        | 2 |  2.1
Armour         | 4 5 |  5.7
Throwing       | 1 |  1.0
Shields        | 4 |  4.0

Action                     |  1- 3 |  4- 6 |  7- 9 || total
---------------------------+-------+-------+-------++-------
  Melee: War axe           |   107 |   111 |     5 ||   223
         Broad axe         |       |       |   260 ||   260
  Throw: Javelin           |       |       |     9 ||     9
    Use: Scroll            |    12 |     2 |     9 ||    23
         Potion            |     1 |     2 |     3 ||     6
 Armour: Scale mail        |    33 |       |       ||    33
         Chain mail        |    18 |    69 |   118 ||   205
  Dodge: Dodged            |    42 |    30 |    56 ||   128
  Block: Buckler           |    33 |    41 |   170 ||   244
         Reflection        |       |     2 |    12 ||    14

Table legend:
 A = Non-vault XP
 B = Vault XP
 C = Vault XP percentage of total XP
 D = Non-vault monster count
 E = Vault monster count
 F = Vault count percentage of total count
                 A         B        C        D         E       F
            +---------+---------+-------+---------+---------+-------
      Total |    2576 |     911 |  26.1 |     111 |      20 |  15.3
            +---------+---------+-------+---------+---------+-------
        D:1 |      29 |       4 |  12.1 |      20 |       2 |   9.1
        D:2 |      20 |       0 |   0.0 |      10 |       0 |   0.0
        D:3 |     118 |      71 |  37.6 |      10 |      12 |  54.5
        D:4 |     399 |     192 |  32.5 |      23 |       2 |   8.0
        D:5 |     498 |     595 |  54.4 |      21 |       2 |   8.7
        D:6 |     428 |       0 |   0.0 |      11 |       0 |   0.0
        D:7 |     991 |      49 |   4.7 |      14 |       2 |  12.5
        D:8 |      93 |       0 |   0.0 |       2 |       0 |   0.0
            +---------+---------+-------+---------+---------+-------
